 Dungeon Crawl Stone Soup version 0.24.0-125-gc4c63601f3 (webtiles) character file.

Game seed: 6484860867779545394, levelgen mode: deterministic

13197 mumohan the Chopper (level 12, -7/80 HPs)
             Began as an Octopode Fighter on Mar 21, 2020.
             Was an Elder of Fedhas.
             Hit by a javelin thrown by Urug (23 damage)
             ... on level 12 of the Dungeon.
             The game lasted 00:55:26 (16701 turns).

mumohan the Chopper (Octopode Fighter)             Turns: 16701, Time: 00:55:26

Health: -7/80      AC:  1    Str: 16    XL:     12   Next: 3%
Magic:  17/17      EV: 30    Int: 11    God:    Fedhas [****..]
Gold:   1026       SH: 11    Dex: 15    Spells: 12/15 levels left

rFire    + . .     SeeInvis .   a - +3 hand axe of the Several Hells {freeze, +Inv}
rCold    + . .     Gourm    .   o - +1 shield
rNeg     . . .     Faith    .   (helmet restricted)
rPois    +         Spirit   .   I - amulet of the acrobat
rElec    .         Reflect  .   m - ring of protection from fire
rCorr    .         Harm     .   G - ring of poison resistance
MR       .....     Clarity  +   (no ring)
Stlth    +++++.....             (no ring)
HPRegen  0.23/turn              (no ring)
MPRegen  0.15/turn              (no ring)
                                (no ring)
                                (no ring)

@: about to teleport, acrobat
A: almost no armour, stealthy swim, amphibious, 8 rings, constrict 8, camouflage
1, clarity, cold resistance 1, gelatinous body 1
a: Wall of Briars, Grow Ballistomycete, Overgrow, Renounce Religion, Evoke
Invisibility


You were on level 12 of the Dungeon.
You worshipped Fedhas.
Fedhas was greatly pleased with you.
You were not hungry.

You visited 3 branches of the dungeon, and saw 15 of its levels.
You also visited: Bailey.

You collected 1026 gold pieces.

Inventory:

Hand Weapons
 a - the +3 hand axe of the Several Hells (weapon) {freeze, +Inv}
   (You found it on level 5 of the Dungeon)

   It has been specially enchanted to freeze those struck by it, causing extra
   injury to most foes and up to half again as much damage against particularly
   susceptible opponents.
   It can also slow down cold-blooded creatures.
   It lets you turn invisible.
 b - a +1 trident
 u - a +2 flail of venom
 x - a +2 whip of electrocution
Missiles
 f - a throwing net
 t - 20 poisoned darts (quivered)
 y - 41 boomerangs
 D - a curare-tipped dart
 H - 6 javelins
Armour
 o - a +1 shield (worn)
Jewellery
 m - a ring of protection from fire (left tentacle)
 p - an uncursed ring of ice
 G - a ring of poison resistance (right tentacle)
 I - an amulet of the acrobat (around mantle)
Wands
 l - a wand of iceblast (14)
 v - a wand of random effects (16)
 w - a wand of polymorph (2)
 A - a wand of clouds (5)
Scrolls
 e - 7 scrolls of identify
 g - 10 scrolls of remove curse
 j - 3 scrolls of immolation
 n - 3 scrolls of enchant armour
 q - 2 scrolls of teleportation
 B - a scroll of fog
 C - 4 scrolls of amnesia
 J - 2 scrolls of enchant weapon
Potions
 c - 2 potions of might
 h - 2 potions of brilliance
 i - 3 potions of agility
 k - 6 potions of flight
 r - a potion of cancellation
 s - a potion of curing
 z - 2 potions of lignification
 E - a potion of invisibility
 F - a potion of mutation
Comestibles
 d - 12 rations
 K - 2 chunks of flesh


   Skills:
 + Level 6.9 Fighting
 + Level 7.9(8.8) Axes
 - Level 6.0(7.9) Polearms
 - Level 6.0 Throwing
 - Level 6.4 Dodging
 - Level 7.3 Stealth
 - Level 7.1 Shields
 * Level 2.1 Spellcasting
 * Level 2.3 Necromancy
 * Level 7.2 Invocations
 - Level 6.0 Evocations


You had 12 spell levels left.
You knew the following spells:

 Your Spells              Type           Power        Failure   Level  Hunger
a - Animate Skeleton      Necr           N/A          30%         1    ##.....
b - Song of Slaying       Chrm           #.......     75%         2    ###....

Your spell library contained the following spells:

 Spells                   Type           Power        Failure   Level  Hunger
 Pain                     Necr           #...         30%         1    ##.....
 Beastly Appendage        Tmut           #.....       61%         1    ##.....
 Corona                   Hex            #......      61%         1    ##.....
 Infusion                 Chrm           #...         61%         1    ##.....
 Vampiric Draining        Necr           #.........   65%         3    ####...
 Ensorcelled Hibernation  Hex/Ice        #.....       75%         2    ###....
 Shroud of Golubria       Chrm/Tloc      #.....       75%         2    ###....
 Sticks to Snakes         Tmut           #.......     75%         2    ###....
 Regeneration             Chrm/Necr      #.........   82%         3    ####...
 Confuse                  Hex            #.......     93%         3    ####...
 Dazzling Spray           Conj/Hex       #.....       93%         3    ####...
 Ignite Poison            Fire/Tmut/Pois #.......     93%         3    ####...
 Spectral Weapon          Hex/Chrm       #.......     93%         3    ####...
 Spider Form              Tmut/Pois      #.........   93%         3    ####...
 Tukima's Dance           Hex            #.......     93%         3    ####...
 Animate Dead             Necr           N/A          96%         4    #####..
 Ice Form                 Ice/Tmut       #.......     100%        4    #####..
 Olgreb's Toxic Radiance  Pois           #.......     100%        4    #####..
 Petrify                  Tmut/Erth      #.......     100%        4    #####..
 Blade Hands              Tmut           #.........   100%        5    ######.
 Bolt of Magma            Conj/Fire/Erth #.........   100%        5    ######.


Dungeon Overview and Level Annotations

Branches:
Dungeon (13/15)            Temple (1/1) D:5            Lair (0/6) D:9
    Orc (1/2) D:12         Bailey (visited)
 Vaults: D:13-14

Altars:
Ashenzari
Cheibriados
Dithmenos
Elyvilon
Fedhas
Gozag
Hepliaklqana
Kikubaaqudgha
Makhleb
Nemelex Xobeh
Qazlal
Ru
Sif Muna
Trog
Uskayaw
Vehumet
Wu Jian
Xom
Yredelemnul
Zin
The Shining One

Shops:
D:4 (([*   D:7 *   D:12 (

Annotations:
D:8 exclusions: 2 wights and 1 more exclusion
D:9 exclusion: 2 downstairs
D:11 exclusion: downstairs
D:12 exclusion: manticore, Jorgrun, Urug
D:13 Erolcha


Innate Abilities, Weirdness & Mutations

You cannot wear most types of armour.
You are very stealthy in the water. (Stealth+)
You are amphibious.
You can wear up to eight rings at the same time.
You can use your tentacles to constrict eight enemies at once.
Your skin changes colour to match your surroundings (Stealth+).
Your rubbery body absorbs attacks. (AC +1, EV +1)
You possess an exceptional clarity of mind.
Your flesh is cold resistant. (rC+)


Message History

Okay, then.
You feel better.
You hit Jorgrun. You freeze Jorgrun. You grab Jorgrun.
Jorgrun is lightly wounded.
You constrict Jorgrun, but do no damage.
Jorgrun hits you with a +0 quarterstaff of crushing!
You hit Jorgrun. You freeze Jorgrun.
Jorgrun is lightly wounded.
Your surroundings suddenly seem different.
You lose your grip on something.
Urug throws a javelin.
The javelin completely misses you.
You hear a grinding noise.
As you read the scroll of teleportation, it crumbles to dust.
You feel strangely unstable.
Urug mutters, "Sometimes I wonder if they all really are harpies."
Urug throws a javelin.
The javelin pierces through you!
* * * LOW HITPOINT WARNING * * *
Urug throws a javelin.
The javelin pierces through you!!
You die...
Fedhas appreciates your contribution to the ecosystem.

*## #..##.###..##.. #.#
#.#..##........
##.###.###..###.#.#. ###
#...#.o...##.#..#...
##.#####..(#....#..#....#.#
##.....##...##........##..##
####....#......####.o.###...#.#
#........(.....####.#..##.###.#
##)............@#.##...>(......(
#<...).).......###.####.Z..#.#((
##...#......o#####..#.([.##.##.#
##.##.##....####..##.##..#.#.##
######........##..)....#.....#
#.....)...####o)....##.##.
##..[.)...###.#).#####.#.#
#.......)#.#oZ.#.####.#Z.
###......).ยง#.#...##..#..


You could see Urug.

Vanquished Creatures
  Fannar (D:11)
  A two-headed ogre (D:12)
  Pikel (D:6)
  A deep elf mage (D:12)
  2 orc knights (Bailey)
  An ugly thing (D:11)
  2 gargoyles
  A hornet (D:12)
  Grinder (D:4)
  6 hippogriffs
  3 yaks (D:9)
  A wraith (D:10)
  Eustachio (D:6)
  2 basilisks (D:9)
  A human (D:8)
  A hungry ghost (D:8)
  Menkaure (D:7)
  A warg (D:12)
  An acid dragon (D:12)
  4 porcupines (D:9)
  8 orc warriors
  2 ice beasts
  4 black bears
  2 sky beasts
  5 ogres
  A phantom (D:8)
  3 wolves (D:9)
  4 crocodiles
  7 centaurs
  3 big kobolds
  8 bullfrogs
  A scorpion (D:6)
  6 killer bees
  A wight (D:9)
  4 crimson imps
  2 centaur zombies
  A bullfrog zombie (D:6)
  13 orc wizards
  A jelly (D:9)
  8 orc priests
  2 centaur skeletons (D:11)
  9 hounds
  A bullfrog skeleton (D:10)
  An iguana (D:9)
  5 worker ants
  A killer bee zombie (D:5)
  A hound zombie (D:6)
  6 gnolls
  13 adders
  2 oozes
  An adder zombie (D:9)
  4 worms
  3 leopard geckos
  45 orcs
  3 ball pythons
  9 bats
  6 giant cockroaches
  8 hobgoblins
  13 jackals
  3 quokkas
  2 frilled lizards
  15 goblins
  A jackal skeleton (D:9)
  52 kobolds
  2 quokka skeletons
  5 rats
330 creatures vanquished.

Vanquished Creatures (collateral kills)
  A phantom (D:12)
  A hobgoblin (D:12)
2 creatures vanquished.

Vanquished Creatures (others)
  2 slaves (D:6)
  4 fungi (D:9)
  A plant (D:9)
7 creatures vanquished.

Grand Total: 339 creatures vanquished

Notes
Turn   | Place    | Note
-------+----------+-------------------------------------------
     0 | D:1      | mumohan the Octopode Fighter began the quest for the Orb.
     0 | D:1      | Reached XP level 1. HP: 16/16 MP: 1/1
    10 | D:1      | Reached XP level 2. HP: 15/21 MP: 2/2
   588 | D:1      | Reached XP level 3. HP: 22/26 MP: 3/3
   852 | D:1      | Reached skill level 1 in Stealth
  1125 | D:2      | Reached XP level 4. HP: 31/31 MP: 4/4
  2192 | D:2      | Reached XP level 5. HP: 32/36 MP: 5/5
  2373 | D:3      | Learned a level 1 spell: Animate Skeleton
  3471 | D:3      | Reached XP level 6. HP: 20/43 MP: 6/6
  3766 | D:4      | Noticed Grinder
  3768 | D:4      | Found Uviymp's Weapon Boutique.
  3807 | D:4      | Killed Grinder
  3807 | D:4      | Reached skill level 1 in Throwing
  3807 | D:4      | Reached XP level 7. HP: 20/48 MP: 7/7
  4009 | D:4      | Found Ymeoh's Weapon Shop.
  4412 | D:4      | Reached skill level 5 in Polearms
  4793 | D:4      | Found Like's Antique Armour Shop.
  4930 | D:4      | Found Dal Dis's General Store.
  5302 | D:5      | Entered Level 5 of the Dungeon
  5358 | D:5      | Found a stormy altar of Qazlal.
  5359 | D:5      | Noticed a fire elemental
  5360 | D:5      | Noticed an air elemental
  5361 | D:5      | Noticed a water elemental
  5474 | D:5      | Found a staircase to the Ecumenical Temple.
  5480 | Temple   | Entered the Ecumenical Temple
  5524 | Temple   | Became a worshipper of Fedhas Madash
  5655 | D:5      | Reached skill level 5 in Stealth
  5689 | D:5      | Got a warped hand axe
  5690 | D:5      | Identified the +3 hand axe of the Several Hells {freeze,
                  | +Inv} (You found it on level 5 of the Dungeon)
  6198 | D:6      | Found an opulent altar of Gozag.
  6199 | D:6      | Noticed Eustachio
  6220 | D:6      | Reached XP level 8. HP: 41/54 MP: 8/8
  6325 | D:6      | Noticed Pikel
  6344 | D:6      | Killed Pikel
  6344 | D:6      | Reached skill level 1 in Axes
  6654 | D:6      | Reached skill level 5 in Dodging
  6795 | D:6      | Reached skill level 5 in Shields
  6795 | D:6      | Reached XP level 9. HP: 53/59 MP: 9/9
  6828 | D:6      | Killed Eustachio
  7219 | D:7      | Found Fopery's General Store.
  7227 | D:7      | Reached skill level 5 in Fighting
  7309 | D:7      | HP: 3/61 [orc wizard/magic dart (10)]
  7311 | D:7      | Reached skill level 1 in Evocations
  7627 | D:7      | Noticed Menkaure
  7632 | D:7      | Killed Menkaure
  7632 | D:7      | Reached * piety under Fedhas
  8815 | D:8      | Reached XP level 10. HP: 67/67 MP: 12/12
  9287 | D:8      | Reached skill level 5 in Axes
  9702 | D:9      | Reached ** piety under Fedhas
 10058 | D:9      | Reached skill level 1 in Invocations
 10258 | D:9      | Found a staircase to the Lair.
 10352 | D:9      | Gained mutation: Your flesh is cold resistant. (rC+)
                  | [potion of mutation]
 10352 | D:9      | Gained mutation: You possess an exceptional clarity of
                  | mind. [potion of mutation]
 10472 | D:9      | Reached skill level 5 in Throwing
 10745 | D:9      | Learned a level 2 spell: Song of Slaying
 10825 | D:9      | Identified the Handbook of the Rocks and Toxins
 10929 | D:9      | Reached skill level 5 in Evocations
 11299 | D:10     | Entered Level 10 of the Dungeon
 11535 | D:10     | Noticed a gargoyle
 11990 | D:9      | Reached *** piety under Fedhas
 12177 | D:10     | Reached XP level 11. HP: 61/72 MP: 15/15
 14094 | D:11     | Noticed a cyan ugly thing
 14112 | D:11     | Killed a cyan ugly thing
 14347 | D:12     | Noticed Urug
 14352 | D:12     | Noticed Jorgrun
 14357 | D:12     | Noticed Fannar
 14362 | D:12     | Found a flagged portal.
 14370 | Bailey   | Entered a bailey
 14446 | Bailey   | Noticed an orc knight
 14447 | Bailey   | Noticed an orc knight
 14510 | Bailey   | Reached **** piety under Fedhas
 14600 | Bailey   | Killed an orc knight
 14600 | Bailey   | Reached skill level 5 in Invocations
 14673 | Bailey   | Identified the +10 great sword "Uduteudd" {speed, rElec
                  | Str+3}
 14728 | Bailey   | Killed an orc knight
 14979 | D:12     | Noticed a deep elf mage
 14981 | D:12     | Found Seextoi's Antique Weapon Boutique.
 15014 | D:12     | Noticed a two-headed ogre
 15017 | D:13     | Noticed a centaur warrior
 15024 | D:13     | Noticed Erolcha
 15312 | D:11     | Killed Fannar
 15312 | D:11     | Reached skill level 1 in Spellcasting
 15312 | D:11     | Reached skill level 1 in Necromancy
 15636 | D:12     | Found a staircase to the Orcish Mines.
 15651 | D:12     | HP: 1/74 [orc priest/divine providence (12)]
 16212 | Orc:1    | Entered Level 1 of the Orcish Mines
 16212 | Orc:1    | Noticed a stone giant
 16309 | D:12     | Noticed a manticore
 16396 | D:12     | Killed a deep elf mage
 16409 | D:12     | Killed a two-headed ogre
 16409 | D:12     | Reached XP level 12. HP: 69/80 MP: 17/17
 16701 | D:12     | Hit by a javelin thrown by Urug

Levels and vault maps discovered:
D:1:      shiori_arrival_oz, layout_basic, hangedman_decor_growths,
          minmay_pentomino_w2
D:2:      layout_loops_ring, minivault_27
D:3:      layout_loops_ring, first_ration
D:4:      kennysheep_kobold_camp, layout_rooms, serial_shops, shop, shop, shop,
          shop_coins, uniq_grinder
D:5:      layout_basic, minmay_temple_entry_fiery,
          nicolae_qazlal_style_of_elements
D:6:      layout_rooms, lemuel_crystal_altar, hangedman_minor_gate_pass,
          uniq_eustachio, uniq_pikel
D:7:      layout_gridville, serial_glass, glass_columns_b, glass_columns_a,
          minmay_strange_pillars, feat_on_display, minmay_misc_feat_encased,
          kennysheep_small_square, uniq_menkaure
D:8:      layout_loops_ring, grunt_pizzeria
D:9:      layout_roguey, minmay_lair_entry_grove, st_stairs_9
D:10:     layout_cave_pools, corexii_corridor_pit
D:11:     layout_stronghold
D:12:     layout_cave_pools, erik_orc_3, gauntlet_entry_generic, enter_bailey_3,
          serial_shops, shop, uniq_urug, uniq_nergalle, uniq_fannar,
          uniq_jorgrun
D:13:     layout_cave_pools, uniq_josephine, uniq_nessos, uniq_erolcha
Temple:   grunt_wide_crystal_templ
Orc:1:    nicolae_orc_accident_3, layout_caves

Skill      XL: |  1  2  3  4  5  6  7  8  9 10 11 |
---------------+----------------------------------+-----
Stealth        | 1 2 3 4 5 7 |  7.3
Polearms       | 3 4 5 6 |  6.0
Fighting       | 4 5 6 |  6.9
Throwing       | 1 3 4 5 6 |  6.0
Dodging        | 4 5 6 |  6.4
Shields        | 4 5 6 7 |  7.1
Axes           | 1 4 6 7 |  7.9
Evocations     | 3 5 6 |  6.0
Invocations    | 2 7 |  7.2
Spellcasting   | 2 |  2.1
Necromancy     | 2 |  2.3

Action                   |  1- 3 |  4- 6 |  7- 9 | 10-12 || total
-------------------------+-------+-------+-------+-------++-------
Melee: Trident           |    65 |   142 |    97 |    68 ||   372
       Constrict         |    14 |    30 |    49 |    57 ||   150
       Tentacles         |    11 |    16 |    44 |    74 ||   145
       Hand axe          |       |       |   171 |   327 ||   498
Throw: Dart              |       |     9 |    46 |   263 ||   318
       Boomerang         |       |       |       |    15 ||    15
       Throwing net      |       |       |       |     1 ||     1
 Cast: Animate Skeleton  |       |       |       |     9 ||     9
Invok: Wall of Briars    |       |       |       |     1 ||     1
 Abil: Evoke Invisibilit |       |       |       |     3 ||     3
Evoke: Wand              |       |       |       |    13 ||    13
  Use: Scroll            |       |     9 |     4 |    17 ||    30
       Potion            |       |       |     1 |     3 ||     4
 Stab: Sleeping          |     8 |     9 |    20 |     9 ||    46
       Distracted        |     1 |     1 |       |     1 ||     3
       Invisible         |       |       |       |     2 ||     2
  Eat: Chunk             |     1 |     8 |    14 |    20 ||    43
       Ration            |       |       |     1 |     2 ||     3
Armor: Skin              |     2 |     6 |     9 |    10 ||    27
Dodge: Dodged            |    15 |    47 |   110 |   163 ||   335
Block: Shield            |    22 |    46 |   130 |   184 ||   382
